 Dungeon Sprint DCSS version 0.30.1-11-g7821555f0a (webtiles) character file.

Game seed: 10205143191945691263

9592 Groucho the Thaumaturge (level 11, -1/60 HPs)
             Began as a Deep Elf Earth Elementalist on Jan 6, 2024.
             Was the Champion of Sif Muna.
             Slain by a phantasmal warrior (29 damage)
             ... in the Dungeon (Sprint VII: "The Pits").
             The game lasted 00:25:22 (5739 turns).

Groucho the Thaumaturge (DEEE)                      Turns: 5739, Time: 00:25:24

Health: -1/60      AC:  8    Str:  2    XL:     11   Next: 25%
Magic:  17/31      EV: 17    Int: 25    God:    Sif Muna [******]
Gold:   16         SH:  0    Dex: 15    Spells: 14/38 levels left

rFire   + . .        h - +2 dagger
rCold   . . .        (no shield)
rNeg    + . .        a - +0 robe
rPois   .            r - +0 helmet
rElec   .            (no cloak)
rCorr   .            (no gloves)
SInv    .            s - +0 pair of boots
Will    .....        (no amulet)
Stlth   +++          x - ring "Arreu" {rF+ rN+ AC+4 Str-3}
HPRegen 0.30/turn    l - +3 ring of evasion
MPRegen 0.22/turn

%: no teleportation
@: weak-willed
A: no striking features
a: Renounce Religion, Channel Magic, Forget Spell, Divine Exegesis


You were in the Dungeon.
You worshipped Sif Muna.
Sif Muna was exalted by your worship.
You visited 1 branch You collected 16 gold pieces.

Inventory:

Hand Weapons
 h - a +2 dagger (weapon)
 q - a +2 rapier of distortion
Armour
 a - a +0 robe (worn)
 r - a +0 helmet (worn)
 s - a +0 pair of boots (worn)
Jewellery
 e - a +3 ring of dexterity
 l - a +3 ring of evasion (right hand)
 v - a ring of willpower
 x - the ring "Arreu" (left hand) {rF+ rN+ AC+4 Str-3}
   (You found it in the Dungeon)

   [ring of protection]

   AC:        It affects your AC (+4).
   Str:       It affects your strength (-3).
   rF:        It protects you from fire.
   rN:        It protects you from negative energy.
 y - a ring of positive energy
Wands
 u - a wand of iceblast (5)
Scrolls
 g - a scroll of blinking
 j - 5 scrolls of amnesia
 k - a scroll of summoning
 w - 3 scrolls of enchant weapon
 z - 2 scrolls of identify
 A - 4 scrolls of enchant armour
 B - a scroll of fear
 C - 3 scrolls of fog
Potions
 b - 5 potions of magic
 c - 5 potions of curing
 d - 6 potions of heal wounds
 f - 6 potions of berserk rage
 i - 2 potions of invisibility
 m - a potion of might
 n - 4 potions of resistance
 o - 2 potions of brilliance
 p - 2 potions of mutation
 t - 2 potions of haste
 D - a potion of ambrosia {unknown}


   Skills:
 + Level 3.4 Fighting
 - Level 5.0 Short Blades
 + Level 5.6 Dodging
 - Level 7.0 Stealth
 - Level 14.0 Spellcasting
 + Level 12.6 Conjurations
 + Level 3.9 Summonings
 + Level 11.1 Necromancy
 + Level 11.5 Transmutations
 + Level 13.7 Earth Magic
 + Level 11.5 Invocations


You had 14 spell levels left.
You knew the following spells:

 Your Spells              Type           Power      Damage    Failure   Level
a - Sandblast             Erth           100%       2d20      0%          1
b - Stone Arrow           Conj/Erth      100%       3d13      1%          3
c - Petrify               Tmut/Erth      69%        N/A       1%          4
d - Iron Shot             Conj/Erth      35%        9d7       2%          6
e - Borgnjor's Vile Clut  Necr/Erth      34%        N/A       1%          5
f - Irradiate             Conj/Tmut      33%        3d22      1%          5

Your spell library contained the following spells:

 Spells                   Type           Power      Damage    Failure   Level
 Necrotise                Necr           100%       1d9       1%          1
 Summon Small Mammal      Summ           100%       N/A       1%          1
 Call Imp                 Summ           74%        N/A       1%          2
 Cigotuvi's Dreadful Rot  Necr/Pois/Air  72%        N/A       1%          2
 Passwall                 Tmut/Erth      57%        N/A       1%          2
 Sublimation of Blood     Necr           65%        N/A       1%          2
 Hailstorm                Conj/Ice       49%        3d11      1%          3
 Spider Form              Tmut/Pois      46%        N/A       1%          3
 Animate Armour           Summ/Erth      100%       N/A       1%          4
 Leda's Liquefaction      Hex/Erth       25%        N/A       1%          4
 Blade Hands              Tmut           33%        N/A       1%          5
 Flame Wave               Conj/Fire      49%        2d12      2%          4
 Sticky Flame             Conj/Fire      49%        2d7       2%          4
 Statue Form              Tmut/Erth      46%        N/A       2%          6
 Apportation              Tloc           34%        N/A       3%          1
 Anguish                  Hex/Necr       22%        N/A       3%          4
 Ensorcelled Hibernation  Hex/Ice        34%        N/A       4%          2
 Alistair's Intoxication  Tmut/Pois      30%        N/A       9%          5
 Orb of Destruction       Conj           34%        9d10      16%         7
 Starburst                Conj/Fire      24%        6d8       36%         6
 Summon Mana Viper        Hex/Summ       27%        N/A       38%         5
 Eringya's Noxious Bog    Tmut/Pois      23%        N/A       43%         6
 Simulacrum               Ice/Necr       22%        N/A       45%         6
 Storm Form               Tmut/Air       23%        N/A       95%         7
 Summon Horrible Things   Summ           18%        N/A       100%        8
 Shatter                  Erth           36%        3d29*     100%        9


Dungeon Overview and Level Annotations

Branches:
Dungeon (1/1)

Altars:
Ashenzari
Cheibriados
Dithmenos
Elyvilon
Fedhas
Gozag
Hepliaklqana
Kikubaaqudgha
Makhleb
Nemelex Xobeh
Okawaru
Qazlal
Ru
Sif Muna
Trog
Uskayaw
Vehumet
Wu Jian
Xom
Yredelemnul
Zin
The Shining One
Jiyva
Lugonu


Message History

Unknown command.
You feel much better.
The phantasmal warrior closely misses you.
Unknown command.
Unknown command.
You feel much better.
You feel less invigorated.
The phantasmal warrior barely misses you.
Unknown command.
Unknown command.
You feel much better. The phantasmal warrior hits you!!
Unknown command.
Unknown command.
Casting: Stone Arrow (safe; 1% risk of failure)
Confirm with . or Enter, or press ? or * to list all spells.
Aiming: Stone Arrow (safe; 1% risk of failure)
Press: ? - help, Shift-Dir - straight line, f/p - phantasmal warrior
Aim: a phantasmal warrior (moderately damaged, 78% to hit)
The stone arrow hits the phantasmal warrior!
The phantasmal warrior is severely damaged.
The phantasmal warrior misses you.
Unknown command.
Unknown command.
Unknown command.
Casting: Stone Arrow (safe; 1% risk of failure)
Confirm with . or Enter, or press ? or * to list all spells.
Aiming: Stone Arrow (safe; 1% risk of failure)
Press: ? - help, Shift-Dir - straight line, f/p - phantasmal warrior
Aim: a phantasmal warrior (severely damaged, 78% to hit)
The stone arrow misses the phantasmal warrior.
The phantasmal warrior completely misses you.
Unknown command.
Unknown command.
Unknown command.
Aiming: Stone Arrow (safe; 1% risk of failure)
Press: ? - help, Q - select action, (/) - cycle Shift-Dir - straight line, f/p - phantasmal warrior
Aim: a phantasmal warrior (severely damaged, 78% to hit)
The stone arrow hits the phantasmal warrior!
The phantasmal warrior is almost destroyed.
The phantasmal warrior hits you!!
You die...

## .# .# .###########++##########
'##................##..#
.##......#..#......##..#
.##.............@).''..#
..'.............W..''..#
###......#..#......##......o..
.##........).......##.........
.#####'#####''################
###.......##''# ######## #####
.##.......##..# ##......###...###
.##.......##..###..#'#.........##
###...<...##..##..##.##.....#...#


You could see a phantasmal warrior.

Vanquished Creatures
  A hydra (D)
  A two-headed ogre (D)
  2 deep elf zephyrmancers (D)
  An orc sorcerer (D)
  A manticore (D)
  A cyclops (D)
  A black mamba (D)
  2 smoke demons (D)
  3 orange demons (D)
  An unseen horror (D)
  A cane toad (D)
  A rime drake (D)
  A komodo dragon (D)
  A polar bear (D)
  A hornet (D)
  A snapping turtle (D)
  A wraith (D)
  2 shadows (D)
  A flying skull (D)
  6 yaks (D)
  A jumping spider (D)
  2 wyverns (D)
  3 floating eyes (D)
  A water moccasin (D)
  A sky beast (D)
  A black bear (D)
  A wolf (D)
  Blork the orc (D)
  2 necrophages (D)
  2 scorpions (D)
  A wight (D)
  A hound (D)
  A gnoll bouda (D)
  6 gnolls (D)
  An ufetubus (D)
  An adder zombie (D)
  A worm (D)
  An adder simulacrum (D)
  An orc (D)
  2 endoplasms (D)
  A goblin (D)
  4 jackals (D)
  A kobold (D)
  A quokka (D)
  2 ball pythons (D)
  A frilled lizard (D)
  A quokka skeleton (D)
  A quokka zombie (D)
  A rat (D)
74 creatures vanquished.

Notes
Turn   | Place    | Note
-------+----------+-------------------------------------------
     0 | D        | Groucho the Deep Elf Earth Elementalist began the quest for
                  | the Orb.
     0 | D        | Reached XP level 1. HP: 10/10 MP: 6/6
    41 | D        | Found a bloodstained altar of Trog.
    41 | D        | Found a shimmering blue altar of Sif Muna.
    41 | D        | Found a viscous altar of Jiyva.
    41 | D        | Found a hazy altar of Hepliaklqana.
    41 | D        | Found an opulent altar of Gozag.
    42 | D        | Found a glowing golden altar of the Shining One.
    42 | D        | Found a glowing silver altar of Zin.
    42 | D        | Found a basalt altar of Yredelemnul.
    42 | D        | Found a shimmering altar of Xom.
    42 | D        | Found an ornate altar of the Wu Jian Council.
    42 | D        | Found a sacrificial altar of Ru.
    42 | D        | Found a stormy altar of Qazlal.
    42 | D        | Found an iron altar of Okawaru.
    42 | D        | Found a sparkling altar of Nemelex Xobeh.
    42 | D        | Found a burning altar of Makhleb.
    42 | D        | Found a blossoming altar of Fedhas.
    42 | D        | Found a white marble altar of Elyvilon.
    42 | D        | Found a shadowy altar of Dithmenos.
    42 | D        | Found a snail-covered altar of Cheibriados.
    43 | D        | Found a radiant altar of Vehumet.
    43 | D        | Found a corrupted altar of Lugonu.
    44 | D        | Found an ancient bone altar of Kikubaaqudgha.
    44 | D        | Found a hide-covered altar of Uskayaw.
    44 | D        | Found a broken altar of Ashenzari.
    45 | D        | Became a worshipper of Sif Muna the Loreminder
    54 | D        | Reached skill level 1 in Conjurations
    59 | D        | Reached * piety under Sif Muna
   279 | D        | Noticed a scorpion
   281 | D        | Noticed a scorpion
   311 | D        | Killed a scorpion
   312 | D        | Reached skill level 5 in Spellcasting
   312 | D        | Reached XP level 2. HP: 15/15 MP: 2/10
   312 | D        | Reached XP level 3. HP: 19/19 MP: 2/12
   596 | D        | Learned a level 3 spell: Stone Arrow
   643 | D        | Killed a scorpion
   644 | D        | Reached skill level 6 in Spellcasting
   644 | D        | Reached XP level 4. HP: 24/24 MP: 6/14
   884 | D        | Reached skill level 5 in Conjurations
   888 | D        | Reached ** piety under Sif Muna
   891 | D        | Reached skill level 7 in Spellcasting
  1234 | D        | Reached skill level 1 in Short Blades
  1234 | D        | Reached XP level 5. HP: 28/28 MP: 12/16
  1234 | D        | Reached *** piety under Sif Muna
  1295 | D        | Reached **** piety under Sif Muna
  1358 | D        | Reached skill level 1 in Invocations
  1491 | D        | Noticed a black bear
  1496 | D        | Killed a black bear
  1497 | D        | Reached XP level 6. HP: 32/32 MP: 10/18
  1571 | D        | Noticed a water moccasin
  1576 | D        | Killed a water moccasin
  1577 | D        | Reached skill level 5 in Stealth
  1577 | D        | Reached skill level 8 in Spellcasting
  1640 | D        | Noticed a hornet
  1656 | D        | Killed a hornet
  1657 | D        | Reached skill level 9 in Spellcasting
  1657 | D        | Reached skill level 5 in Transmutations
  1657 | D        | Reached XP level 7. HP: 36/36 MP: 10/21
  1926 | D        | Reached ***** piety under Sif Muna
  1927 | D        | Reached skill level 5 in Invocations
  1931 | D        | Received a gift from Sif Muna
  1932 | D        | Reached skill level 5 in Short Blades
  1932 | D        | Got Sif Muna's Quarto of the Luminous Grave {god gift}
  1939 | D        | Learned a level 5 spell: Borgnjor's Vile Clutch
  1946 | D        | Learned a level 6 spell: Iron Shot
  2032 | D        | Noticed a snapping turtle
  2077 | D        | Killed a snapping turtle
  2078 | D        | Reached skill level 10 in Earth Magic
  2185 | D        | Reached skill level 10 in Spellcasting
  2185 | D        | Reached XP level 8. HP: 41/41 MP: 17/24
  2376 | D        | Noticed a smoke demon
  2376 | D        | Noticed a smoke demon
  2387 | D        | Killed a smoke demon
  2445 | D        | Noticed a cane toad
  2446 | D        | Noticed a black mamba
  2447 | D        | Noticed a jumping spider
  2447 | D        | Noticed a rime drake
  2447 | D        | Noticed a manticore
  2552 | D        | Killed a cane toad
  2567 | D        | Killed a jumping spider
  2568 | D        | Reached skill level 11 in Spellcasting
  2568 | D        | Reached skill level 5 in Necromancy
  2853 | D        | Learned a level 4 spell: Petrify
  2863 | D        | Killed a manticore
  2863 | D        | Received a gift from Sif Muna
  2864 | D        | Reached XP level 9. HP: 45/45 MP: 17/26
  2991 | D        | Killed a rime drake
  2993 | D        | Killed a black mamba
  2994 | D        | Reached skill level 12 in Spellcasting
  2994 | D        | Reached skill level 10 in Conjurations
  3180 | D        | Killed a smoke demon
  3507 | D        | Noticed a deep elf zephyrmancer
  3509 | D        | Killed a deep elf zephyrmancer
  3515 | D        | Noticed a two-headed ogre
  3518 | D        | Received a gift from Sif Muna
  3521 | D        | Noticed a six-headed hydra
  3523 | D        | Killed a two-headed ogre
  3524 | D        | Reached skill level 13 in Spellcasting
  3524 | D        | Reached XP level 10. HP: 28/50 MP: 5/29
  3526 | D        | Got Sif Muna's Catalogue of Flammable Silt {god gift}
  3531 | D        | Killed a six-headed hydra
  3532 | D        | Reached skill level 10 in Transmutations
  3532 | D        | Reached skill level 10 in Invocations
  3532 | D        | Reached ****** piety under Sif Muna
  3548 | D        | Noticed an orange demon
  3556 | D        | Killed an orange demon
  3556 | D        | Received a gift from Sif Muna
  3892 | D        | Reached skill level 14 in Spellcasting
  4117 | D        | Noticed a deep elf zephyrmancer
  4117 | D        | Noticed Blork the orc
  4164 | D        | Reached skill level 10 in Necromancy
  4321 | D        | Reached skill level 1 in Fighting
  4425 | D        | Received a gift from Sif Muna
  4426 | D        | Got Sif Muna's Discursus on White Adjuration {god gift}
  4530 | D        | Killed a deep elf zephyrmancer
  4531 | D        | Reached skill level 1 in Summonings
  4532 | D        | Noticed an orange demon
  4540 | D        | Killed an orange demon
  4545 | D        | Killed Blork the orc
  4626 | D        | Noticed a cyclops
  4635 | D        | Killed a cyclops
  4672 | D        | Received a gift from Sif Muna
  4673 | D        | Reached XP level 11. HP: 33/58 MP: 11/31
  4673 | D        | Got Sif Muna's Precepts of Boreal Forms {god gift}
  5095 | D        | Reached skill level 5 in Dodging
  5574 | D        | Learned a level 5 spell: Irradiate
  5595 | D        | Got the ring "Arreu" {rF+ rN+ AC+4 Str-3}
  5715 | D        | Noticed an orc sorcerer
  5715 | D        | Noticed a phantasmal warrior
  5733 | D        | Killed an orc sorcerer
  5733 | D        | Received a gift from Sif Muna
  5733 | D        | HP: 1/60 [phantasmal warrior (30)]
  5739 | D        | Slain by a phantasmal warrior

Illustrated notes

Levels and vault maps discovered:
D:        pitsprint [storerooms_1, entrance_room_1, metal_vault_3, armoury_2,
          mini_pit_1, grid_room_1, main_hall_1, silver_pit, the_coven_1,
          the_vestibule_1, steel_vault_2, golden_pit, hallway_of_sentries,
          crystal_vault_1, iron_vault_1, final_vault]

Skill      XL: |  1  2  3  4  5  6  7  8  9 10 11 |
---------------+----------------------------------+-----
Conjurations   | 3 4 5 6 7 8 9 11 12 | 12.6
Earth Magic    | 6 8 9 10 11 12 13 | 13.7
Spellcasting   | 5 6 7 9 10 11 13 14 | 14.0
Short Blades   | 1 2 4 5 |  5.0
Stealth        | 3 4 6 7 |  7.0
Transmutations | 3 5 6 7 9 11 | 11.5
Invocations    | 3 4 6 7 9 11 | 11.5
Necromancy     | 2 6 8 10 11 | 11.1
Fighting       | 2 3 |  3.4
Dodging        | 4 5 |  5.6
Summonings     | 2 3 |  3.9

Action                     |  1- 3 |  4- 6 |  7- 9 | 10-12 || total
---------------------------+-------+-------+-------+-------++-------
  Melee: Dagger            |       |       |     2 |     2 ||     4
   Cast: Sandblast         |    12 |       |       |       ||    12
         Stone Arrow       |     2 |    22 |    33 |    18 ||    75
         Borgnjor's Vile C |       |       |     7 |    24 ||    31
         Iron Shot         |       |       |     4 |    19 ||    23
         Petrify           |       |       |     1 |       ||     1
 Invoke: Channel Magic     |       |       |     1 |     5 ||     6
    Use: Potion            |     2 |       |       |     8 ||    10
   Stab: Petrified         |       |       |     2 |       ||     2
 Armour: Robe              |       |       |       |     6 ||     6
  Dodge: Dodged            |     4 |     1 |     6 |    21 ||    32
